 Dungeon Crawl Stone Soup version 0.30-a0-219-gf2db51d15e (webtiles) character file.

Game seed: 6698770168784668877

172 Ayihk420 the Trooper (level 5, -3/34 HPs)
             Began as a Gargoyle Berserker on Oct 7, 2022.
             Was a Believer of Trog.
             Slain by a kobold brigand
             ... wielding a +4 short sword of distortion
              (4 damage)
             ... on level 3 of the Dungeon.
             The game lasted 00:10:02 (2796 turns).

Ayihk420 the Trooper (Gargoyle Berserker)           Turns: 2796, Time: 00:10:03

Health: -3/34      AC: 13    Str: 21    XL:     5   Next: 52%
Magic:  5/5        EV:  8    Int:  7    God:    Trog [**....]
Gold:   179        SH:  0    Dex: 11    Spells: 4/4 levels left

rFire   + . .      SeeInvis .    a - +0 mace
rCold   x . .      Faith    .    (no shield)
rNeg    + . .      Spirit   .    k - +0 chain mail
rPois   ∞          Reflect  .    (no helmet)
rElec   +          Harm     .    (no cloak)
rCorr   .          Rampage  .    (no gloves)
Will    +++..                    (no boots)
Stlth   ..........               l - amulet of regeneration
HPRegen 2.05/turn                b - ring of fire
MPRegen 0.09/turn                m - ring of willpower

@: strong-willed (expiring), on berserk cooldown, regenerating (expiring)
A: sickness immunity, AC +4, negative energy resistance 1, electricity
resistance, torment resistance 1, petrification resistance
a: Renounce Religion, Berserk, Trog's Hand


You were on level 3 of the Dungeon.
You worshipped Trog.
Trog was pleased with you.
You visited 1 branch of the dungeon, and saw 3 of its levels.

You collected 179 gold pieces.

Inventory:

Hand Weapons
 a - a +0 mace (weapon)
Missiles
 e - 17 stones (quivered)
 g - 2 atropa-tipped darts
Armour
 k - a +0 chain mail (worn)
Jewellery
 b - a ring of fire (left hand)
 l - an amulet of regeneration (around neck)
 m - a ring of willpower (right hand)
Scrolls
 d - a scroll of brand weapon {unknown}
 f - a scroll of torment {unknown}
 i - a scroll of identify {unknown}
Potions
 c - a potion of might {unknown}
 h - a potion of ambrosia {unknown}
 j - a potion of invisibility {unknown}
 n - a potion of brilliance {unknown}


   Skills:
 + Level 4.5 Fighting
 - Level 3.2 Maces & Flails
 + Level 3.8 Armour
 + Level 2.9 Dodging


You had 4 spell levels left.
You didn't know any spells.
Your spell library was empty.

Dungeon Overview and Level Annotations

Branches:
Dungeon (3/15)

Altars:
Ru
Wu Jian
The Shining One

Portals:
Abyss: D:3

Annotations:
D:3 1 transporter, philipeq's ghost, amateur DsWr


Innate Abilities, Weirdness & Mutations

You are immune to sickness and miasma.
Your stone body is resilient. (AC +4)
You are immune to poison.
You resist negative energy. (rN+)
You are resistant to electric shocks. (rElec)
You are resistant to unholy torment.
You are immune to petrification.


Message History

You hear a shout!
Philipeq's ghost hits you.
You closely miss philipeq's ghost.
You feel yourself speed up. Philipeq's ghost barely misses you.
Philipeq's ghost hits you but does no damage.
The kobold brigand hits you with a +4 short sword of distortion.
Space warps around you!
You barely miss philipeq's ghost.
Philipeq's ghost hits you but does no damage.
The kobold brigand hits you but does no damage.
Space warps horribly around you. Philipeq's ghost hits you.
The kobold brigand hits you but does no damage.
Space warps around you.
You sock philipeq's ghost!
Philipeq's ghost is moderately damaged.
Philipeq's ghost hits you.
The kobold brigand hits you with a +4 short sword of distortion.
* * * LOW HITPOINT WARNING * * *
You blink.
You sock philipeq's ghost!
Philipeq's ghost is heavily damaged.
You feel the effects of Trog's Hand fading.
Philipeq's ghost closely misses you.
The kobold brigand hits you with a +4 short sword of distortion.
* * * LOW HITPOINT WARNING * * *
Space warps around you.
* * * LOW HITPOINT WARNING * * *
You closely miss philipeq's ghost.
Philipeq's ghost is heavily damaged.
Philipeq's ghost hits you.
* * * LOW HITPOINT WARNING * * *
The kobold brigand barely misses you.
You barely miss philipeq's ghost.
Philipeq's ghost is heavily damaged.
Philipeq's ghost hits you but does no damage.
The kobold brigand hits you with a +4 short sword of distortion.
* * * LOW HITPOINT WARNING * * *
Space warps around you.
You die...

#....#.########.#.......
#######....#..##......#.......
##....................##.......
##.....................##.......
#.........###..###.....#######..
#.#..###.##.####.##....# #####.#
#.#..#.###...##...#....# #.....#
#.#..#.∩..###.W.#.#....###.....'
#.#..##.?####5K@#.##.....#.....'
#.....#.#....#####.##..........#
#.....##.##.##.##..##...#####+.#
#......##.#!#©.##©##....# #...
#......©#©?.##..###.....# #...
#.......#.^#5#.........## ####
#.....###.##.##........##
###...##.#.!. #####.....########
#..##.#.###..##.##............


You could see a kobold brigand, philipeq's ghost and a shadow imp.

Vanquished Creatures
  Natasha (thrice) (D:3)
  4 adders
  5 orcs (D:3)
  6 ball pythons
  5 endoplasms
  4 giant cockroaches
  3 goblins
  4 hobgoblins
  4 jackals (D:1)
  2 quokkas
  11 bats
  2 frilled lizards (D:1)
  A kobold (D:2)
  3 rats
57 creatures vanquished.

Notes
Turn   | Place    | Note
-------+----------+-------------------------------------------
     0 | D:1      | Ayihk420 the Gargoyle Berserker began the quest for the
                  | Orb.
     0 | D:1      | Reached XP level 1. HP: 14/14 MP: 1/1
   123 | D:1      | Reached XP level 2. HP: 19/19 MP: 2/2
   446 | D:1      | Reached XP level 3. HP: 23/23 MP: 3/3
   907 | D:2      | Reached ** piety under Trog
  1358 | D:2      | Found a faded altar of an unknown god.
  1611 | D:3      | Noticed Natasha
  1622 | D:3      | Killed Natasha
  1623 | D:3      | Reached skill level 4 in Fighting
  1623 | D:3      | Reached XP level 4. HP: 24/29 MP: 4/4
  1713 | D:3      | Noticed Natasha
  1723 | D:3      | Killed Natasha
  1724 | D:3      | Reached XP level 5. HP: 29/33 MP: 5/5
  1752 | D:3      | Noticed Natasha
  1767 | D:3      | Killed Natasha
  1997 | D:3      | Found an ornate altar of the Wu Jian Council.
  2036 | D:3      | Found a one-way gate to the infinite horrors of the Abyss.
  2041 | D:3      | Found a transporter.
  2042 | D:3      | Found a transporter.
  2071 | D:3      | Noticed a kobold brigand
  2073 | D:3      | Noticed philipeq's ghost (amateur DsWr)
  2283 | D:3      | Found a glowing golden altar of the Shining One.
  2292 | D:3      | Found a sacrificial altar of Ru.
  2796 | D:3      | HP: 1/34 [kobold brigand/+4 short sword of distortion (5)]
  2796 | D:3      | Slain by a kobold brigand

Illustrated notes

Levels and vault maps discovered:
D:1:      dpeg_arrival_pits, layout_basic
D:2:      layout_loops_ring, hellmonk_ecumenical_altar_blasted,
          item_on_display_a
D:3:      layout_basic, general_overflow_altar, mainiacjoe_overflow_swirl,
          gammafunk_ghost_abyssal_escape, kennysheep_flooded_box,
          nrook_campfire, uniq_natasha

Skill      XL: |  1  2  3 |
---------------+----------+-----
Dodging        | 2 |  2.9
Fighting       | 4 |  4.5
Armour         | 3 |  3.8
Maces & Flails | |  3.2

Action                   |  1- 3 |  4- 6 || total
-------------------------+-------+-------++-------
Melee: Mace              |   143 |    80 ||   223
       Punch             |     1 |       ||     1
Throw: Stone             |     8 |    10 ||    18
Invok: Trog's Hand       |       |     3 ||     3
       Berserk           |       |     2 ||     2
Armor: Animal skin       |    56 |       ||    56
       Scale mail        |    39 |       ||    39
       Chain mail        |     3 |    77 ||    80
Dodge: Dodged            |   112 |    70 ||   182

Table legend: (Time is in decaauts)
 A = Elapsed time spent in this place.
 B = Non-inter-level travel time spent in this place.
 C = Inter-level travel time spent in this place.
 D = Time resting spent in this place.
 E = Time spent auto-exploring this place.
 F = Levels seen in this place.
 G = Mean time per level.
                   A        B        C        D        E       F      G
               +--------+--------+--------+--------+--------+-----+--------+
         Total |   2874 |   2432 |    442 |     90 |   1577 |   3 |  958.0 |
       Dungeon |   2874 |   2432 |    442 |     90 |   1577 |   3 |  958.0 |
               +--------+--------+--------+--------+--------+-----+--------+

Top non-repeatable levels by time:
     D:3: 1154 daAuts
     D:2: 908 daAuts
     D:1: 810 daAuts
